 Dungeon Crawl Stone Soup version 0.22-a0-293-gc9362ec4a2 (webtiles) character file.

53 Infinimo the Insei (level 3, -1/26 HPs)
             Began as a Merfolk Transmuter on Mar 24, 2018.
             Slain by a gnoll
             ... wielding a +0 spear
              (6 damage)
             ... on level 2 of the Dungeon.
             The game lasted 00:01:53 (1717 turns).

Infinimo the Insei (Merfolk Transmuter)             Turns: 1717, Time: 00:01:54

Health: -1/26      AC:  2    Str: 10    XL:     3   Next: 87%
Magic:  6/6        EV: 13    Int: 13    God:
Gold:   89         SH:  0    Dex: 14    Spells: 5/6 levels left

rFire    . . .     SeeInvis .     - Unarmed
rCold    . . .     Gourm    .   (no shield)
rNeg     . . .     Faith    .   b - +0 robe
rPois    .         Spirit   .   (no helmet)
rElec    .         Reflect  .   (no cloak)
rCorr    .         Harm     .   (no gloves)
MR       .....                  (no boots)
Stlth    +.........             (no amulet)
HPRegen  0.08/turn              (no ring)
MPRegen  0.10/turn              (no ring)

@: no status effects
A: change form in water, swift swim, stealthy swim
a: no special abilities


You were on level 2 of the Dungeon.
You were not hungry.

You visited 1 branch of the dungeon, and saw 2 of its levels.

You collected 89 gold pieces.

Inventory:

Missiles
 a - 34 arrows
 e - 106 stones (quivered)
 j - 30 sling bullets
Armour
 b - a +0 robe (worn)
Scrolls
 f - a scroll of teleportation {unknown}
 h - 3 scrolls of identify {unknown}
 i - a scroll of remove curse {unknown}
 l - a scroll of fog {unknown}
 p - a scroll of blinking {unknown}
Potions
 c - 2 potions of flight {unknown}
 g - a potion of magic {unknown}
 k - 2 potions of heal wounds {unknown}
 m - a potion of ambrosia {unknown}
 n - a potion of lignification {unknown}
Comestibles
 d - 4 rations
 o - 5 chunks of flesh


   Skills:
 - Level 1.1 Fighting
 - Level 2.6 Dodging
 * Level 4.6 Unarmed Combat
 - Level 2.0 Spellcasting
 + Level 3.7 Transmutations


You had 5 spell levels left.
You knew the following spells:

 Your Spells              Type           Power        Failure   Level  Hunger
a - Beastly Appendage     Tmut           ##....       5%          1    ##.....


Dungeon Overview and Level Annotations

Branches:
Dungeon (2/15)

Altars:


Message History

No target in view!
Eating one of 3 chunks of flesh.
You eat one of the 3 chunks of flesh.
This raw flesh tastes terrible.
You butcher the gnoll corpse.
o - 5 chunks of flesh (gained 3) Done exploring.
There is a stone staircase leading down here.
You climb downwards.
There is a stone staircase leading up here.
The gnoll hits you with a flail of holy wrath!
You climb upwards.
There is a stone staircase leading down here.
Okay, then.
You climb downwards.
There is a stone staircase leading up here.
The gnoll hits you with a flail of holy wrath!
Ouch! That really hurt!
* * * LOW HITPOINT WARNING * * *
The gnoll hits you from afar with a spear.
You die...

# ##########
##.#####........#
#..g<@..........# #
##.##g......##..# #
###.##.##.##.##..######
#..>...##.##.##.......g
######.###..##.##...#.######
#......# #.#.#.###...#....##
#.####.###..........#.###.##
#.# #.....###........# #.##
#.# ###.#.# ######.#####...


You could see 2 gnolls.

Vanquished Creatures
  An adder (D:2)
  A gnoll (D:1)
  2 dart slugs (D:1)
  3 bats
  2 giant cockroaches (D:1)
  5 goblins (D:1)
  3 hobgoblins (D:1)
  4 jackals (D:2)
  A frilled lizard (D:2)
  2 kobolds (D:1)
  4 rats
28 creatures vanquished.

Notes
Turn   | Place    | Note
-------+----------+-------------------------------------------
     0 | D:1      | Infinimo the Merfolk Transmuter began the quest for the Orb.
     0 | D:1      | Reached XP level 1. HP: 15/15 MP: 3/3
   330 | D:1      | Reached XP level 2. HP: 21/21 MP: 5/5
   670 | D:1      | Reached skill level 4 in Unarmed Combat
  1182 | D:1      | Reached XP level 3. HP: 23/26 MP: 6/6
  1717 | D:2      | Slain by a gnoll

Vault maps used:
D:1:      dpeg_arrival_rooms_with_view, minmay_box_of_dots
D:2:      chequers_ecumenical_altar_twisty, first_ration

Skill      XL: |  1  2 |
---------------+-------+-----
Transmutations | 3 |  3.7
Unarmed Combat | 4 |  4.6
Fighting       | |  1.1
Dodging        | |  2.6
Spellcasting   | |  2.0

Action                   || total
-------------------------++-------
Melee: Unarmed           ||   105
       Punch             ||     3
 Stab: Sleeping          ||     1
  Eat: Chunk             ||     3
Armor: Robe              ||    22
Dodge: Dodged            ||    75

Table legend:
 A = Spawn XP
 B = Non-spawn XP
 C = Spawn XP percentage of total XP
 D = Spawn monster count
 E = Non-spawn monster count
 F = Spawn count percentage of total count
 G = Total turns spent on level
                    A         B        C        D         E        F      G
               +---------+---------+-------+---------+---------+-------+---------
         Total |       0 |      76 |   0.0 |       0 |      28 |   0.0 |  1717
               +---------+---------+-------+---------+---------+-------+---------
           D:1 |       0 |      50 |   0.0 |       0 |      20 |   0.0 |  1276
           D:2 |       0 |      26 |   0.0 |       0 |       8 |   0.0 |   441
               +---------+---------+-------+---------+---------+-------+---------
